Map: Breakwater LE

Players

Nosta

  • Race: Protoss Protoss
  • League: Diamond
  • Spawn Location: 7:00

Alkemisten

  • Race: Protoss Protoss
  • Spawn Location: 7:00

Nyck - Winner!

  • Race: Terran Terran
  • Spawn Location: 1:00

Ekelpack - Winner!

  • Race: Zerg Zerg
  • Spawn Location: 1:00

VOD

Have the link to the VOD?

Description

Time

  • Played on: Nov. 27, 2024, 1:57 p.m.
  • Length: 15:08
Show
View Real Time Build Order
Export as new Build Order

Nosta Protoss 

Build Orders: Oracle Opening 

Get SALT Encoding   

  12  0:00  Probe  
  13  0:17  Pylon, Probe  
  14  0:35  Gateway  
  14  0:38  Probe  
  15  0:50  Probe  
  16  0:57  Assimilator  
  16  1:02  Probe  
  17  1:14  Probe  
  18  1:24  Cybernetics Core  
  18  1:25  Probe  
  19  1:33  Probe  
  19  1:37  Pylon  
  20  1:41  Probe  
  20  1:46  Assimilator  
  20  1:58  Stalker  
  22  2:12  Nexus  
  22  2:13  Probe  
  22  2:21  Probe  
  24  2:30  Probe  
  25  2:41  Stalker  
  25  2:42  Probe  
  26  2:51  Stargate  
  28  2:56  Gateway  
  28  2:58  Probe  
  29  3:06  Pylon  
  29  3:11  Shield Battery  
  29  3:25  Oracle  
  29  3:26  Stalker  
  30  3:27  Probe x2  
  36  3:43  Probe  
  36  3:44  Zealot  
  39  3:51  Probe  
  39  3:55  Probe  
  41  4:00  Robotics Facility  
  41  4:13  Probe x2  
  43  4:20  Oracle  
  46  4:25  Probe x2  
  46  4:27  Assimilator  
  48  4:35  Stalker x2  
  48  4:37  Probe x2  
  54  5:13  Pylon  
  54  5:26  Assimilator  
  54  5:31  Oracle, Probe x2  
  54  5:33  Robotics Bay  
  59  5:43  Probe x2  
  60  5:55  Probe x2  
  62  5:57  Stalker  
  61  6:07  Probe  
  62  6:12  Pylon  
  62  6:13  Pylon  
  62  6:17  Pylon  
  62  6:21  Gateway  
  62  6:27  Stalker  
  62  6:30  Probe x2, Phoenix  
  68  6:37  Stalker  
  68  6:44  Stargate  
  70  6:47  Twilight Council  
  70  6:54  Stalker  
  70  6:58  Twilight Council  
  72  7:04  Stalker  
  74  7:15  Phoenix  
  76  7:17  Probe  
  76  7:18  Probe  
  76  7:21  Stalker  
  76  7:22  Blink  
  78  7:27  Pylon  
  80  7:33  Gateway  
  80  7:35  Nexus  
  80  7:40  Phoenix  
  82  7:48  Phoenix  
  82  7:50  Probe x2  
  86  7:55  Assimilator, Pylon  
  86  8:05  Stalker x3  
  86  8:07  Charge  
  92  8:14  Phoenix  
  92  8:16  Probe x2  
  96  8:28  Probe  
  97  8:43  Stalker x2  
  97  8:44  Stalker x2  
  105  8:51  Probe x3  
  108  9:03  Probe x2, Colossus  
  108  9:05  Warp Gate  
  108  9:06  Pylon  
  108  9:08  Forge  
  108  9:09  Forge  
  116  9:10  Forge  
  116  9:16  Pylon  
  116  9:20  Gateway  
  116  9:24  Gateway  
  116  9:27  Stalker x4  
  116  9:28  Templar Archives  
  124  9:34  Phoenix  
  126  9:42  Probe x3  
  129  9:47  Assimilator  
  129  9:50  Protoss Ground Weapons Level 1  
  129  9:51  Protoss Ground Armor Level 1  
  129  9:52  Pylon  
  129  9:54  Probe x3  
  132  10:06  Probe  
  133  10:08  Nexus  
  133  10:13  Extended Thermal Lance  
  139  10:18  Pylon  
  139  10:19  Pylon  
  139  10:21  Pylon  
  139  10:23  Pylon  
  139  10:24  Pylon  
  139  10:27  Pylon  
  139  10:31  Disruptor  
  137  10:37  Probe x2  
  139  10:43  Assimilator  
  139  10:51  Robotics Facility  
  139  10:52  Protoss Shields Level 1  
  139  10:53  Stalker x3  
  139  10:54  Robotics Facility  
  145  11:15  Zealot x3  
  151  11:20  Pylon  
  151  11:36  Immortal x2  
  151  11:42  Immortal  
  163  11:56  Protoss Ground Weapons Level 2  
  163  11:57  Protoss Ground Armor Level 2  
  163  12:11  Immortal x2  
  171  12:21  Immortal  
  117  13:03  Disruptor x3  
  117  13:04  Stalker x3  
  117  13:05  Stalker x3  
  141  13:28  Probe x4  
  141  13:33  High Templar x2  
  149  13:36  Psionic Storm  
  149  13:38  Disruptor  
  149  13:39  Immortal x2  
  149  13:40  Probe  
  162  13:42  Zealot  
  162  13:43  Zealot x3  
  166  13:57  Probe x3  
  166  13:58  Probe  
Show
View Real Time Build Order
Export as new Build Order

Alkemisten Protoss 

Build Orders:  

Get SALT Encoding   

  12  0:04  Probe  
  13  0:16  Probe  
  13  0:19  Pylon  
  14  0:28  Probe  
  15  0:39  Probe  
  15  0:41  Gateway  
  16  0:47  Probe  
  16  0:53  Assimilator  
  16  0:55  Probe  
  17  1:02  Pylon  
  18  1:05  Probe  
  19  1:13  Probe  
  20  1:21  Probe  
  21  1:29  Gateway  
  21  1:34  Probe  
  21  1:35  Cybernetics Core  
  22  1:40  Assimilator  
  22  1:54  Gateway  
  22  2:01  Forge, Warp Gate  
  22  2:09  Stalker  
  22  2:14  Stalker  
  26  2:39  Photon Cannon  
  26  2:42  Stalker x2  
  26  2:48  Protoss Ground Weapons Level 1  
  30  3:02  Pylon  
  30  3:28  Nexus  
  30  3:33  Pylon  
  30  3:48  Gateway  
  30  3:52  Gateway  
  30  4:02  Pylon  
  30  4:11  Photon Cannon  
  30  4:17  Shield Battery  
  30  4:28  Stalker  
  32  4:40  Twilight Council  
  32  4:42  Probe  
  32  4:43  Probe  
  34  4:55  Photon Cannon  
  34  5:11  Pylon  
  34  5:12  Stalker  
  34  5:14  Stalker  
  38  5:33  Stalker, Photon Cannon  
  40  5:38  Protoss Ground Weapons Level 2  
  40  6:06  Stalker x3  
  40  6:07  Stalker  
  48  6:16  Blink, Probe x2  
  50  6:26  Shield Battery  
  50  6:28  Probe  
  51  6:47  Dark Shrine  
  51  6:54  Stalker x2  
  55  7:08  Stalker  
  55  7:09  Stalker  
  59  7:21  Photon Cannon  
  59  7:23  Pylon  
  59  7:41  Photon Cannon  
  59  8:04  Dark Templar x3  
  59  8:05  Dark Templar  
  67  8:08  Zealot  
  67  8:10  Archon x2  
  69  8:13  Protoss Ground Armor Level 1  
  69  8:22  Probe x2  
  69  8:26  Charge, Assimilator  
  71  8:27  Assimilator  
  71  8:30  Probe x2  
  71  8:39  Probe x2  
  75  9:04  Zealot x2  
  75  9:05  Zealot x3  
  85  9:18  Pylon  
  85  9:21  Pylon  
  85  9:24  Pylon  
  85  9:26  Robotics Facility  
  85  9:37  Dark Templar  
  87  9:49  Dark Templar  
  87  9:50  Dark Templar x2  
  93  9:55  Archon  
  93  9:58  Dark Templar  
  95  10:02  Archon  
  95  10:13  Observer  
  96  10:15  Zealot  
  96  10:37  Zealot  
  98  10:42  Nexus  
  98  10:44  Pylon  
  98  10:46  Pylon  
  98  10:47  Observer  
  99  10:59  Probe x2  
  101  11:04  Dark Templar x2  
  101  11:06  Zealot  
  101  11:08  Zealot  
  101  11:10  Archon  
  109  11:11  Probe x2  
  111  11:20  Zealot  
  111  11:22  Protoss Ground Armor Level 2  
  113  11:31  Dark Templar  
  115  11:43  Dark Templar  
  117  11:50  Dark Templar x2  
  121  11:54  Immortal  
  125  12:19  Photon Cannon  
  125  12:21  Photon Cannon  
  125  12:22  Shield Battery  
  125  12:24  Shield Battery  
  47  12:45  Dark Templar x2  
  47  12:46  Dark Templar x3  
  46  12:59  Shadow Stride  
  44  13:16  Immortal  
  42  13:21  Zealot x5  
  56  13:35  Archon  
  56  13:44  Dark Templar  
  56  13:45  Dark Templar x3  
  64  13:49  Archon x2  
  64  14:09  Gateway  
  64  14:13  Gateway  
  64  14:14  Gateway  
  42  14:44  Dark Templar x5  
  46  14:51  Archon x2  
Show
View Real Time Build Order
Export as new Build Order

Nyck Terran - Winner!

Build Orders: Reaper Expand 

Get SALT Encoding   

  12  0:00  SCV  
  13  0:12  SCV  
  14  0:18  Supply Depot  
  14  0:25  SCV  
  15  0:39  SCV  
  15  0:41  Barracks  
  16  0:46  Refinery  
  16  0:53  SCV  
  17  1:05  SCV  
  18  1:20  SCV  
  19  1:25  Refinery  
  19  1:31  Reaper  
  20  1:34  Orbital Command  
  20  1:47  Command Center  
  21  2:01  SCV  
  21  2:08  Barracks Tech Lab  
  21  2:13  SCV  
  22  2:25  SCV  
  22  2:28  Combat Shield  
  22  2:29  Factory  
  23  2:47  Supply Depot, SCV  
  23  2:59  SCV  
  24  3:11  SCV  
  24  3:12  Marauder  
  27  3:14  Barracks  
  27  3:23  Barracks  
  27  3:26  Starport  
  27  3:32  SCV  
  27  3:33  Factory Reactor  
  28  3:35  Orbital Command  
  28  3:42  Marauder  
  28  3:44  SCV  
  28  3:47  Concussive Shells  
  31  3:56  SCV  
  31  3:57  Supply Depot  
  32  4:03  Marine  
  32  4:06  Barracks Reactor  
  32  4:09  SCV x2  
  35  4:13  Barracks Reactor  
  35  4:23  Barracks  
  35  4:25  SCV x2  
  35  4:27  Marauder  
  35  4:30  Medivac x2  
  43  4:34  Stimpack  
  43  4:37  SCV x2  
  38  4:56  Marine x4  
  38  4:57  Marine  
  37  5:14  Marine x2  
  37  5:15  SCV x2  
  40  5:27  SCV  
  40  5:28  SCV, Medivac x2  
  46  5:35  Engineering Bay  
  46  5:39  SCV  
  46  5:40  SCV  
  48  5:51  Refinery  
  48  5:52  SCV x2  
  48  6:06  Marine x2, Marauder  
  48  6:07  Marine x2  
  54  6:13  SCV x2  
  54  6:17  Terran Infantry Weapons Level 1  
  56  6:24  Marine x2  
  58  6:42  Command Center  
  58  6:44  SCV x2  
  60  6:47  Marauder  
  60  6:54  Marine x4  
  62  6:55  Supply Depot  
  66  7:09  Marauder  
  66  7:11  Marine x2  
  70  7:17  Marine x2  
  70  7:21  Supply Depot  
  72  7:23  Medivac x2  
  76  7:30  Marauder  
  78  7:42  Marine x2  
  78  7:44  Supply Depot  
  80  7:47  Marine x2, Armory  
  82  7:51  Marine  
  82  7:53  Viking  
  85  8:01  Orbital Command  
  85  8:07  Missile Turret  
  85  8:08  SCV x2  
  85  8:10  Marine x4  
  85  8:12  Marine  
  92  8:21  SCV x2, Engineering Bay  
  92  8:25  Viking  
  92  8:26  Viking  
  98  8:28  Barracks Reactor  
  98  8:36  Terran Infantry Weapons Level 2  
  98  8:40  Supply Depot, Marine x4  
  98  8:41  Marine  
  103  8:52  SCV  
  103  8:55  SCV x2, Viking  
  106  9:02  Viking  
  110  9:25  Liberator  
  110  9:27  Marine x4  
  110  9:28  Factory Tech Lab  
  117  9:34  Supply Depot  
  117  9:55  Refinery  
  117  9:56  SCV x3, Marine x2, Siege Tank  
  117  9:57  Supply Depot  
  125  10:14  SCV x2, Marine x4, Terran Infantry Armor Level 1, Liberator  
  125  10:15  Marine  
  125  10:16  Command Center  
  125  10:17  SCV  
  125  10:18  Marine  
  125  10:19  Supply Depot, Marauder  
  136  10:43  Supply Depot  
  136  10:44  SCV x2  
  136  10:47  SCV  
  139  10:53  Marine x7, Refinery  
  139  10:56  Siege Tank  
  149  10:59  Terran Infantry Weapons Level 3  
  149  11:11  Marine x7  
  150  11:16  SCV  
  157  11:22  Refinery  
  157  11:23  Supply Depot  
  157  11:28  SCV x3, Marine  
  157  11:29  Terran Vehicle And Ship Armor Level 1, Marine x2  
  157  11:30  SCV  
  164  11:34  Marine x2  
  164  11:35  Marine  
  164  11:36  Marauder  
  164  11:37  Siege Tank  
  172  11:45  SCV x3, Viking x2  
  172  11:46  Supply Depot  
  179  11:59  SCV  
  179  12:00  Orbital Command  
  180  12:06  SCV x2  
  180  12:08  Supply Depot, Terran Infantry Armor Level 2  
  182  12:12  Marine x2  
  182  12:13  Marine x5  
  182  12:15  Viking x2  
  193  12:19  Siege Tank  
  196  12:30  Supply Depot, Marine x4  
  195  12:48  Marine  
  196  12:54  Supply Depot  
  196  12:59  Marine  
  196  13:00  Marine x3  
  197  13:15  Marine  
  197  13:16  Marine x2  
  197  13:17  Supply Depot  
  200  13:30  Refinery  
  200  13:31  Refinery  
Show
View Real Time Build Order
Export as new Build Order

Ekelpack Zerg - Winner!

Build Orders: Hatch First 

Get SALT Encoding   

  12  0:00  Drone  
  13  0:12  Overlord  
  13  0:17  Drone  
  14  0:31  Drone  
  15  0:46  Drone  
  15  0:48  Hatchery  
  15  1:01  Spawning Pool  
  14  1:04  Drone  
  14  1:10  Extractor  
  14  1:12  Drone  
  15  1:18  Drone  
  15  1:19  Drone  
  17  1:31  Drone  
  18  1:39  Drone  
  19  1:51  Queen  
  21  1:59  Queen  
  23  2:07  Zergling x2  
  24  2:11  Drone  
  24  2:14  Drone  
  26  2:16  Overlord  
  27  2:22  Drone  
  27  2:26  Drone  
  28  2:35  Extractor  
  28  2:36  Drone x2  
  29  2:45  Drone x2  
  29  2:48  Lair  
  31  2:52  Drone  
  32  3:00  Zergling x6  
  32  3:01  Zergling x2  
  32  3:03  Overlord  
  36  3:09  Metabolic Boost  
  36  3:15  Extractor  
  36  3:18  Extractor  
  34  3:25  Drone x3  
  34  3:26  Drone  
  38  3:29  Drone x2  
  38  3:30  Drone  
  41  3:41  Overlord  
  41  3:49  Drone, Spire  
  41  3:50  Drone  
  42  3:59  Overlord  
  42  4:01  Drone x2  
  42  4:02  Drone  
  45  4:05  Drone  
  45  4:07  Drone  
  47  4:16  Drone x2  
  47  4:17  Drone  
  50  4:19  Drone  
  51  4:29  Overlord  
  51  4:36  Overlord  
  51  5:05  Mutalisk x6  
  51  5:06  Mutalisk x3  
  69  5:28  Overlord x3  
  69  5:29  Hatchery  
  68  5:36  Overlord  
  68  5:42  Zerg Flyer Weapons Level 1  
  68  5:45  Queen  
  70  6:01  Mutalisk x3  
  70  6:02  Mutalisk x2  
  70  6:04  Zergling x4  
  81  6:15  Drone x3  
  84  6:23  Drone x2  
  86  6:49  Drone x5  
  86  6:50  Drone x3  
  86  6:52  Extractor  
  86  6:53  Extractor  
  92  7:21  Drone x3  
  92  7:22  Overlord x4  
  95  7:29  Infestation Pit  
  94  7:30  Evolution Chamber  
  94  7:31  Drone  
  94  7:32  Evolution Chamber  
  93  7:56  Zerg Melee Weapons Level 1  
  93  7:58  Zergling x8  
  96  7:59  Zergling x12  
  96  8:00  Zerg Ground Armor Level 1  
  96  8:05  Hive  
  112  9:11  Burrow  
  112  9:21  Overlord x5  
  112  9:23  Ultralisk Cavern  
  111  9:53  Zerg Melee Weapons Level 2  
  111  9:54  Zerg Ground Armor Level 2  
  111  10:09  Chitinous Plating  
  111  10:11  Ultralisk x5  
  111  10:12  Ultralisk x4  
  165  10:14  Ultralisk  
  165  10:19  Overseer x2  
  171  10:21  Overlord x3  
  171  10:22  Overlord x2  
  171  10:24  Zergling x8  
  171  10:25  Zergling x4  
  177  10:50  Adrenal Glands  
  177  11:07  Zergling x6, Ultralisk x2  
  177  11:08  Zergling x14  
  199  11:28  Anabolic Synthesis  
  199  11:32  Hatchery, Pneumatized Carapace  
  195  12:13  Zerg Melee Weapons Level 3, Zerg Ground Armor Level 3  
  195  12:19  Zergling x4  
  195  12:20  Zergling x4  
  176  12:34  Ultralisk x4  
  176  12:35  Zergling x6, Ultralisk  
  176  12:36  Zergling x12  
  176  12:37  Zergling x14  
  171  12:38  Zergling x2  
  159  12:50  Ultralisk  
  141  13:01  Zergling x2, Ultralisk  
  141  13:02  Zergling x10  
  152  13:22  Overseer x3  
  152  13:40  Ultralisk  
  152  13:41  Zergling x8, Ultralisk  
  163  14:17  Zergling x6, Ultralisk x3  
  172  14:18  Zergling x10  
  145  14:29  Zergling x2, Ultralisk  
  145  14:30  Zergling x14  
  145  14:31  Zergling x6  
  158  14:45  Zergling x10  
  174  14:46  Zergling x4  
Tags
 
Add a new tag
Caveats
  • Supply blocks, unpowered buildings, or Contaminate may cause inaccurate times.
  • Supply counts are checked every 10 seconds.